 Dungeon Crawl Stone Soup version 0.31-a0-1603-gbec6b6ccbf (webtiles) character file.

Game seed: 16221721315599916260

611 Curundu the Cleaver (level 7, -4/57 HPs)
             Began as a Minotaur Berserker on Jan 7, 2024.
             Was a Priest of Trog.
             Slain by an ogre
             ... wielding a +0 giant club
              (21 damage)
             ... on level 5 of the Dungeon.
             The game lasted 00:10:32 (3055 turns).

Curundu the Cleaver (Minotaur Berserker)            Turns: 3055, Time: 00:10:33

Health: -4/57      AC: 15    Str: 29    XL:     7   Next: 20%
Magic:  6/6        EV:  9    Int:  4    God:    Trog [***...]
Gold:   252        SH:  0    Dex: 10    Spells: 6/6 levels left

rFire   . . .        a - +3 quarterstaff (chaos)
rCold   . . .        (shield currently unavailable)
rNeg    . . .        m - +0 chain mail
rPois   .            (helmet restricted)
rElec   .            t - +2 cloak
rCorr   .            j - +2 pair of gloves
SInv    .            (no boots)
Will    .....        (no amulet) Stlth
                     l - +6 ring of strength
HPRegen 0.29/turn    (no ring)
MPRegen 0.10/turn

%: no passive effects
@: on fire, glowing
A: horns 2, retaliatory headbutt
a: Renounce Religion, Berserk, Trog's Hand


You were on level 5 of the Dungeon.
You worshipped Trog.
Trog was most pleased with you.
You visited 1 branch of the dungeon, and saw 5 of its levels.

You collected 252 gold pieces.

Inventory:

Hand Weapons
 a - a +3 quarterstaff of chaos (weapon)
 s - a +1 hand axe of venom
Missiles
 c - 13 poisoned darts
Armour
 j - a +2 pair of gloves (worn)
 m - a +0 chain mail (worn)
 t - a +2 cloak (worn)
Jewellery
 l - a +6 ring of strength (left hand)
Wands
 q - a wand of flame (24)
Scrolls
 d - 2 scrolls of identify {unknown}
 h - a scroll of immolation {unknown}
 k - a scroll of blinking {unknown}
 n - 2 scrolls of enchant weapon {unknown}
 o - a scroll of silence {unknown}
 r - 2 scrolls of vulnerability {unknown}
Potions
 e - 2 potions of might {unknown}
 f - a potion of resistance {unknown}
 g - a potion of enlightenment {unknown}
 i - 2 potions of heal wounds {unknown}
 p - 2 potions of attraction {unknown}


   Skills:
 - Level 3.6 Fighting
 + Level 10.0 Axes
 - Level 2.4 Armour
 - Level 2.1 Dodging


You had 6 spell levels left.
You didn't know any spells.
Your spell library was empty.

Dungeon Overview and Level Annotations

Branches:
Dungeon (5/15)
 Temple: D:4-7

Altars:
Okawaru

Shops:
D:1 (


Innate Abilities, Weirdness & Mutations

You have a pair of horns on your head.
You reflexively headbutt those who attack you in melee.


Message History

You open the door.
There is an open door here.
Found a stone staircase leading up.
Found a book of Touch.
You see here a book of Touch.
A scorpion comes into view.
You hit the scorpion.
The scorpion seems to grow stronger.
The scorpion is lightly wounded.
The scorpion stings you but does no damage.
The scorpion misses you.
You thump the scorpion!
The scorpion becomes as fragile as glass!
You headbutt the scorpion.
The scorpion is almost dead.
The scorpion barely misses you. You furiously retaliate!
You headbutt the scorpion!
You kill the scorpion!
Trog accepts your kill.
Your Axes skill increases to level 10!
You now have 252 gold pieces (gained 9).
Nothing quivered!
An ogre and a bombardier beetle come into view.
The ogre shouts!
The bombardier beetle sprays incendiary fluid at you.
The burning spray hits you.
You are covered in liquid fire!
You shake off some of the fire as you move.
The liquid fire burns you!
You completely miss the ogre. The liquid fire burns you!
The ogre hits you with a +0 giant club.
You barely miss the ogre. The liquid fire burns you!
The ogre hits you with a +0 giant club!!
You hit the ogre. You burn the ogre.
The ogre is moderately wounded.
The liquid fire burns you!
* * * LOW HITPOINT WARNING * * *
The ogre hits you with a +0 giant club!!
You die...

#### ####### ....##
.##.....##......
................
#.....@OB.....
#.....##....##
.##.....####### +##
........##....##...
...................
##########.........
#....##.. #....#
#....##


You could see an ogre and a bombardier beetle.

Vanquished Creatures
  Grinder (D:4)
  A scorpion (D:5)
  A bombardier beetle (D:4)
  Crazy Yiuf (D:4)
  A hound (D:4)
  An orc priest (D:4)
  Terence (D:2)
  2 iguanas
  An orc wizard (D:4)
  7 adders
  2 dart slugs (D:1)
  11 orcs
  6 endoplasms
  A giant cockroach (D:4)
  9 hobgoblins
  3 jackals (D:3)
  4 quokkas
  8 ball pythons
  3 bats
  6 frilled lizards
  6 goblins
  6 kobolds
  3 rats
85 creatures vanquished.

Notes
Turn   | Place    | Note
-------+----------+-------------------------------------------
     0 | D:1      | Curundu the Minotaur Berserker began the quest for the Orb.
     0 | D:1      | Reached XP level 1. HP: 19/19 MP: 0/0
   181 | D:1      | Reached skill level 4 in Axes
   284 | D:1      | Found Qorghonn's Weapon Shop.
   465 | D:1      | Found a faded altar of an unknown god.
   543 | D:1      | Reached XP level 2. HP: 22/26 MP: 1/1
   945 | D:2      | Reached skill level 5 in Axes
   947 | D:2      | Reached ** piety under Trog
  1152 | D:2      | Noticed Terence
  1160 | D:2      | Killed Terence
  1161 | D:2      | Reached XP level 3. HP: 31/31 MP: 2/2
  1416 | D:3      | Reached skill level 6 in Axes
  1416 | D:3      | Reached XP level 4. HP: 16/39 MP: 3/3
  2154 | D:4      | Noticed Grinder
  2160 | D:4      | Reached XP level 5. HP: 32/45 MP: 4/4
  2163 | D:4      | Reached skill level 7 in Axes
  2174 | D:4      | Killed Grinder
  2175 | D:4      | Reached skill level 8 in Axes
  2175 | D:4      | Reached XP level 6. HP: 37/51 MP: 5/5
  2247 | D:4      | Reached skill level 9 in Axes
  2390 | D:4      | Found a runed translucent door.
  2391 | D:4      | Noticed Crazy Yiuf
  2398 | D:4      | Killed Crazy Yiuf
  2539 | D:4      | Reached XP level 7. HP: 50/57 MP: 6/6
  2550 | D:4      | Reached *** piety under Trog
  2905 | D:5      | Entered Level 5 of the Dungeon
  2957 | D:5      | Found an iron altar of Okawaru.
  3039 | D:5      | Reached skill level 10 in Axes
  3055 | D:5      | Slain by an ogre

Illustrated notes

Levels and vault maps discovered:
D:1:      beargit_arrival_greenhouse, layout_basic, serial_shops, shop,
          shapermc_ecumenical_altar_petra, chequers_serial_rivers_large_a
D:2:      layout_basic, uniq_terence
D:3:      layout_basic, minmay_misc_feat_columns
D:4:      layout_cave_pools, uniq_grinder, uniq_crazy_yiuf_cottage
D:5:      layout_gridville, lemuel_crystal_altar, nicolae_the_louvre

Skill      XL: |  1  2  3  4  5  6  7 |
---------------+----------------------+-----
Axes           | 4 5 6 8 9 10 | 10.0
Fighting       | |  3.6
Armour         | |  2.4
Dodging        | |  2.1

Action                     |  1- 3 |  4- 6 |  7- 9 || total
---------------------------+-------+-------+-------++-------
  Melee: Hand axe          |    42 |    89 |       ||   131
         Headbutt          |     7 |     9 |     4 ||    20
         Punch             |     2 |     1 |       ||     3
         Quarterstaff      |       |     6 |    25 ||    31
 Invoke: Berserk           |     1 |     2 |       ||     3
 Armour: Ring mail         |    14 |       |       ||    14
         Animal skin       |     3 |       |       ||     3
         Scale mail        |     3 |       |       ||     3
         Chain mail        |       |    73 |    16 ||    89
  Dodge: Dodged            |    24 |    61 |    10 ||    95

Table legend: (Time is in decaauts)
 A = Elapsed time spent in this place.
 B = Non-inter-level travel time spent in this place.
 C = Inter-level travel time spent in this place.
 D = Time resting spent in this place.
 E = Time spent auto-exploring this place.
 F = Levels seen in this place.
 G = Mean time per level.
                   A        B        C        D        E       F      G
               +--------+--------+--------+--------+--------+-----+--------+
         Total |   3106 |   3106 |      0 |     84 |   2185 |   5 |  621.2 |
       Dungeon |   3106 |   3106 |      0 |     84 |   2185 |   5 |  621.2 |
               +--------+--------+--------+--------+--------+-----+--------+

Top non-repeatable levels by time:
     D:4: 848 daAuts
     D:1: 711 daAuts
     D:2: 704 daAuts
     D:3: 689 daAuts
     D:5: 152 daAuts
